AoeStats
← Mr_Fox

Arabia

510472080Analyzed
4v4 RM · 1d ago on Oct 1, 2026· 35m 5s· 8 players
Game mode
Random Map
Map size
Large (8 player)
Population
200
Speed
Normal
Resources
Standard
Victory
Conquest
Starting age
Dark Age
Ending age
Imperial Age
RankedLock teamsTeams togetherTeam positionsShared explorationLock speedFull tech treeHidden civsTurbo modeCheats
Victory
Defeat
🇬🇹 Shu · Guatemala
1394
+13
🇬🇹 Ethiopians · Guatemala
1390
+13
🇬🇹 Hindustanis · Guatemala
1343
+15
🇺🇸 Persians · United States
1318
+17
🇨🇳 Khmer · China
1355
-16
🇦🇷 Britons · Argentina
1328
-14
🇮🇳 Persians · India
1312
-14
🇲🇽 Varangians · Mexico
1305
-14
ayushdy2004
6:47 Loom
9:20 Feudal Age
16:58 Scale Barding Armor
18:12 Bloodlines
19:32 Wheelbarrow
18:50 Double-Bit Axe
30:21 Castle Age
31:22 Chain Barding Armor
[ESTG] Mauzinga
6:30 Loom
9:26 Feudal Age
12:48 Fletching
17:15 Wheelbarrow
20:52 Padded Archer Armor
25:58 Castle Age
24:49 Horse Collar
26:00 Crossbowman
26:36 Bodkin Arrow
28:52 Double-Bit Axe
29:10 Heavy Plow
30:22 Ballistics
[CL]TrunicC
6:39 Loom
9:17 Feudal Age
9:58 Double-Bit Axe
20:28 Wheelbarrow
24:46 Castle Age
23:08 Fletching
23:15 Gold Mining
23:24 Horse Collar
25:53 Town Watch
25:52 Crossbowman
26:43 Padded Archer Armor
28:05 Bodkin Arrow
Fantasy
9:41 Feudal Age
9:01 Loom
10:50 Double-Bit Axe
11:26 Bloodlines
13:49 Horse Collar
17:18 Scale Barding Armor
18:35 Forging
18:54 Gold Mining
21:59 Wheelbarrow
24:17 Castle Age
26:03 Husbandry
26:24 Chain Barding Armor
29:03 Iron Casting
28:22 Town Watch
30:09 Bow Saw
34:08 Heavy Plow
35:20 Gold Shaft Mining
itsjmendez
6:11 Loom
9:18 Feudal Age
9:47 Double-Bit Axe
17:05 Scale Barding Armor
20:16 Forging
23:12 Bloodlines
26:48 Castle Age
24:59 Horse Collar
32:48 Chain Barding Armor
Balam
6:57 Loom
9:18 Feudal Age
11:04 Double-Bit Axe
13:57 Fletching
23:31 Castle Age
22:48 Gold Mining
22:38 Horse Collar
24:14 Bodkin Arrow
23:40 Crossbowman
25:17 Bow Saw
27:17 Wheelbarrow
27:49 Padded Archer Armor
30:01 Ballistics
30:13 Leather Archer Armor
33:32 Imperial Age
32:21 Thumb Ring
34:16 Bracer
33:37 Arbalester
35:19 Chemistry
36:29 Two-Man Saw
[XEVER]_AlarconFalcon
6:45 Loom
9:20 Feudal Age
9:54 Double-Bit Axe
9:50 Horse Collar
19:23 Wheelbarrow
23:31 Castle Age
23:00 Bloodlines
23:02 Forging
22:45 Gold Mining
24:51 Scale Barding Armor
28:06 Chain Barding Armor
27:57 Town Watch
30:06 Iron Casting
31:13 Husbandry
35:11 Heavy Plow
35:22 Bow Saw
35:50 Gold Shaft Mining
35:05 Stone Mining
Mr_Fox
6:19 Loom
9:24 Feudal Age
10:57 Double-Bit Axe
13:41 Fletching
21:26 Padded Archer Armor
27:56 Castle Age
26:08 Horse Collar
28:32 Bodkin Arrow
28:37 Scale Mail Armor
28:02 Crossbowman
28:54 Bow Saw
30:34 Wheelbarrow
31:49 Ballistics
32:17 Leather Archer Armor
33:26 Thumb Ring
Connection lost

Rejoining the realm…

Still unreachable

The connection could not be restored.

Session expired

The server has moved on; the page needs a fresh start.